 Dungeon Crawl Stone Soup version 0.32-a0-872-g59262bdc9b (webtiles) character file.

Game seed: 8676020326528166461

714 Shayle the Apothecary (level 7, -6/46 HPs)
             Began as a Coglin Alchemist on Mar 30, 2024.
             Mangled by a gnoll
             ... wielding a +0 spear
             ... led by a gnoll bouda
              (7 damage)
             ... on level 5 of the Dungeon.
             The game lasted 00:15:19 (4649 turns).

Shayle the Apothecary (Coglin Alchemist)            Turns: 4649, Time: 00:15:20

Health: -6/46      AC:  3    Str:  8    XL:     7   Next: 69%
Magic:  13/13      EV: 11    Int: 17    God:
Gold:   169        SH:  0    Dex: 14    Spells: 13/14 levels left

rFire   . . .        r - +3 short sword {Karolin}
rCold   . . .        d - +2 hand axe (venom) {Luis}
rNeg    . . .        a - +0 robe
rPois   .            (no helmet)
rElec   .            (no cloak)
rCorr   .            v - +0 pair of gloves
SInv    .            (no boots)
Will    .....        (amulet unavailable)
Stlth   ++           (ring unavailable)
HPRegen 0.27/turn    (ring unavailable)
MPRegen 0.13/turn    (no gizmo)

%: no passive effects
@: revved
A: off-hand wielding, slow wielding, warmup strikes, no jewellery
a: Invent Gizmo


You were on level 5 of the Dungeon.
You visited 1 branch of the dungeon, and saw 7 of its levels.

You collected 169 gold pieces.

Inventory:

Hand Weapons
 c - a +0 dagger {Yongsun}
 d - a +2 hand axe of venom (offhand) {Luis}
 h - a +0 scimitar {Bangon}
 r - a +3 short sword (weapon) {Karolin}
 x - a +0 morningstar
Missiles
 u - 5 atropa-tipped darts
Armour
 a - a +0 robe (worn)
 v - a +0 pair of gloves (worn)
Wands
 k - a wand of charming (6)
 t - a wand of warping (6)
Scrolls
 f - a scroll of butterflies {unknown}
 g - a scroll of amnesia {unknown}
 i - a scroll of teleportation {unknown}
 j - 5 scrolls of identify {unknown}
 l - a scroll of blinking {unknown}
 n - a scroll of silence {unknown}
 o - 2 scrolls of enchant armour {unknown}
 p - 2 scrolls of revelation {unknown}
 s - a scroll of fog {unknown}
 y - a scroll of immolation {unknown}
Potions
 b - 2 potions of magic
 m - a potion of brilliance {unknown}
 q - a potion of ambrosia {unknown}
 w - 2 potions of mutation {unknown}
 z - a potion of degeneration {unknown}


   Skills:
 - Level 1.7 Dodging
 - Level 1.5 Stealth
 + Level 4.3 Spellcasting
 + Level 4.2 Conjurations
 + Level 6.1 Alchemy


You had 13 spell levels left.
You knew the following spells:

 Your Spells              Type           Power      Damage    Failure   Level
a - Sting                 Conj/Alch      84%        1d8       1%          1

Your spell library contained the following spells:

 Spells                   Type           Power      Damage    Failure   Level
 Mercury Vapours          Alch/Air       28%        N/A       7%          2
 Mephitic Cloud           Conj/Alch/Air  15%        N/A       11%         3
 Olgreb's Toxic Radiance  Alch           24%        N/A       12%         4
 Apportation              Tloc           6%         N/A       16%         1
 Necrotise                Necr           12%        1d4       16%         1
 Dazzling Flash           Conj/Hex       20%        N/A       19%         3
 Jinxbite                 Hex            6%         N/A       24%         2
 Alistair's Intoxication  Alch           16%        N/A       34%         5
 Sticky Flame             Fire/Alch      14%        2d5       41%         4
 Passwall                 Erth           3%         N/A       43%         3
 Tukima's Dance           Hex            3%         N/A       43%         3
 Vampiric Draining        Necr           3%         2d6       43%         3
 Volatile Blastmotes      Fire/Tloc      6%         2d10      43%         3
 Iskenderun's Mystic Bla Conj/Tloc 10%            2d4        (+2d2     54%         4
 Dimensional Bullseye     Hex/Tloc       1%         N/A       83%         4
 Martyr's Knell           Necr/Summ      3%         N/A       83%         4
 Vhi's Electric Charge    Tloc/Air       6%         N/A       83%         4
 Curse of Agony           Necr           3%         N/A       99%         5
 Silence                  Hex/Air        1%         N/A       99%         5
 Bombard                  Conj/Erth      5%         9d2       100%        6


Dungeon Overview and Level Annotations

Branches:
Dungeon (7/15)
 Temple: D:4-7

Altars:
Dithmenos
Yredelemnul

Shops:
D:2 (

Annotations:
D:3 2 transporters, xianbchi's ghost, amateur DgHu


Innate Abilities, Weirdness & Mutations

You can wield a second weapon in your off-hand.
It takes a long time for you to wield or remove held weapons.
Your first few attacks do less damage.
You cannot equip rings or amulets.


Message History

The gnoll bouda is heavily wounded.
You hit the gnoll bouda but do no damage.
The gnoll bouda prays to its god.
The gnoll bouda is healed somewhat.
The gnoll hits you from afar with a +0 spear.
The gnoll bouda closely misses you.
You hit the gnoll bouda with your +2 hand axe of venom.
The gnoll bouda looks as sick as possible!
The gnoll bouda is severely wounded.
You hit the gnoll bouda with your +3 short sword.
The gnoll hits you from afar with a +0 spear!
The gnoll bouda hits you with a +0 club!
* * * LOW HITPOINT WARNING * * *
Unknown command.
You feel better.
You kill the gnoll bouda!
The gnoll hits you from afar with a +0 spear.
* * * LOW HITPOINT WARNING * * *
The gnoll hits you with a +0 spear!
* * * LOW HITPOINT WARNING * * *
Things that are here:
a +0 club; a +0 robe; a gnoll corpse You closely miss the gnoll with your +2 hand axe of venom.
You hit the gnoll with your +3 short sword.
The gnoll closely misses you.
You feel better. The gnoll hits you with a +0 spear!
* * * LOW HITPOINT WARNING * * *
You barely miss the gnoll with your +3 short sword.
The gnoll is lightly wounded.
You closely miss the gnoll with your +2 hand axe of venom.
The gnoll is no longer moving quickly.
The gnoll hits you with a +0 spear.
* * * LOW HITPOINT WARNING * * *
Unknown command.
Okay, then.
Aiming: Charm
Press: ? - help, Shift-Dir - straight line, f - gnoll
Aim: a gnoll, wielding a +0 spear (lightly wounded, covering ground quickly, chance to affect: 57%)
The gnoll resists with significant effort.
The gnoll hits you with a +0 spear!
You die...

#####################...
.......##......)@ggo...#
.......##.###########.##
#####..##.# #.....#
#.##### #.# #.. ##. .


You could see 2 gnolls and an orc.

Vanquished Creatures
  Sigmund (D:3)
  A scorpion (D:5)
  4 orc priests
  2 hounds
  A jelly (D:5)
  A gnoll bouda (D:5)
  4 iguanas
  Ijyb (D:3)
  2 adders
  A gnoll (D:5)
  2 ufetubi (D:6)
  A dart slug (D:1)
  12 orcs
  5 endoplasms
  3 giant cockroaches
  4 goblins
  9 hobgoblins
  10 kobolds
  3 quokkas
  2 ball pythons
  4 bats
  4 frilled lizards (D:1)
  3 rats (D:2)
80 creatures vanquished.

Vanquished Creatures (others)
  A bullfrog (D:4)
1 creature vanquished.

Grand Total: 81 creatures vanquished

Notes
Turn   | Place    | Note
-------+----------+-------------------------------------------
     0 | D:1      | Shayle the Coglin Alchemist began the quest for the Orb.
     0 | D:1      | Reached XP level 1. HP: 13/13 MP: 3/3
   157 | D:1      | Reached skill level 1 in Conjurations
   299 | D:1      | Reached XP level 2. HP: 19/19 MP: 3/5
  1331 | D:2      | Reached XP level 3. HP: 24/24 MP: 4/6
  1727 | D:2      | Reached skill level 4 in Alchemy
  1727 | D:2      | Reached XP level 4. HP: 12/30 MP: 5/7
  1803 | D:2      | Found a basalt altar of Yredelemnul.
  2090 | D:2      | Found Ujesaf's Antique Weapon Shop.
  2390 | D:3      | Identified the +2 robe of Daisies {+Blink rPois Regen+
                  | Slay-5}
  2404 | D:3      | Noticed Ijyb
  2419 | D:3      | Killed Ijyb
  2420 | D:3      | Reached XP level 5. HP: 19/35 MP: 4/9
  2491 | D:3      | Found a shadowy altar of Dithmenos.
  2657 | D:3      | Found a transporter.
  2667 | D:3      | Identified the +10 spear of the Egg {vamp, +Blink Int+3
                  | Dex+2}
  2701 | D:3      | Found a transporter.
  2704 | D:3      | Noticed Sigmund
  2706 | D:3      | Killed Sigmund
  2707 | D:3      | Reached skill level 5 in Alchemy
  2707 | D:3      | Reached XP level 6. HP: 30/41 MP: 9/11
  2763 | D:3      | Noticed xianbchi's ghost (amateur DgHu)
  3520 | D:5      | Entered Level 5 of the Dungeon
  3719 | D:5      | HP: 1/41 [bullfrog (5)]
  3737 | D:4      | Reached XP level 7. HP: 11/46 MP: 10/12
  4205 | D:5      | You fall into a shaft and drop 2 floors!
  4519 | D:5      | Reached skill level 6 in Alchemy
  4648 | D:5      | HP: 1/46 [gnoll/+0 spear[a gnoll bouda] (3)]
  4649 | D:5      | Mangled by a gnoll

Illustrated notes

Levels and vault maps discovered:
D:1:      evilmike_arrival_crescent, layout_loops_ring, serial_rivers,
          chequers_serial_rivers_marsh, chequers_serial_rivers_large_a,
          chequers_serial_rivers_micro_d, chequers_serial_rivers_marsh,
          chequers_serial_rivers_small_a
D:2:      cheibrodos_pilgrimage, layout_basic, basic_altar, serial_shops,
          nicolae_shop_peninsula
D:3:      layout_basic, old_standard_altar, gammafunk_ghost_gnarly_gnolls,
          uniq_ijyb, uniq_sigmund
D:4:      layout_loops_ring
D:5:      layout_loops_ring, tso_altar
D:6:      layout_loops_ring, mainiacjoe_overflow_paths, nrook_uturn,
          kennysheep_minor_cross, grunt_tough_drop
D:7:      layout_loops_corners, kennysheep_little_box, trog_wizard,
          minmay_temple_entry_statues_fountains, serial_bayou_lagoon_a

Skill      XL: |  1  2  3  4  5  6  7 |
---------------+----------------------+-----
Conjurations   | 1 2 3 4 |  4.2
Spellcasting   | 2 3 4 |  4.3
Alchemy        | 4 5 6 |  6.1
Dodging        | |  1.7
Stealth        | |  1.5

Action                     |  1- 3 |  4- 6 |  7- 9 || total
---------------------------+-------+-------+-------++-------
  Melee: Dagger            |    21 |    59 |       ||    80
         Scimitar          |    14 |    63 |    11 ||    88
         Short sword       |       |     4 |    33 ||    37
         Hand axe          |       |       |    21 ||    21
   Cast: Sting             |    44 |    23 |    16 ||    83
  Evoke: Wand              |       |     4 |     1 ||     5
    Use: Potion            |       |     4 |     2 ||     6
   Stab: Sleeping          |       |     2 |       ||     2
 Armour: Robe              |    15 |    59 |    34 ||   108
  Dodge: Dodged            |    20 |    54 |    27 ||   101

Table legend: (Time is in decaauts)
 A = Elapsed time spent in this place.
 B = Non-inter-level travel time spent in this place.
 C = Inter-level travel time spent in this place.
 D = Time resting spent in this place.
 E = Time spent auto-exploring this place.
 F = Levels seen in this place.
 G = Mean time per level.
                   A        B        C        D        E       F      G
               +--------+--------+--------+--------+--------+-----+--------+
         Total |   4683 |   4572 |    111 |    761 |   2893 |   7 |  669.0 |
       Dungeon |   4683 |   4572 |    111 |    761 |   2893 |   7 |  669.0 |
               +--------+--------+--------+--------+--------+-----+--------+

Top non-repeatable levels by time:
     D:1: 1167 daAuts
     D:2: 1092 daAuts
     D:4: 993 daAuts
     D:5: 624 daAuts
     D:3: 620 daAuts
     D:6: 165 daAuts
     D:7: 20 daAuts
